Unix NetHack Version 3.7.0-97 Work-in-progress - last build Feb 8 2024 15:05:57 (6d6cdf8371b60126770a3d7b88910941cb14a054,branch:master). Game began 2024-03-02 13:40:53, ended 2024-03-02 14:02:51. spontiff, neutral male gnomish Healer -------- #-.......# #||.....|# ------- ---------- #|^..<.)|# |..:..-########################....^.0..| ###-----.--# |.....| |........| ## #### |......####----------- ####.........| # ## |.....| #|.........| ### |....^...| ### ## |.....| #...........#### ----|----- # #####-----|- |.........| ## # # ## # ----------- ## --------# ## ######### # |......|# # ## ################################ |......|# # #### -|-|- |......|# #-----.-- |...| |......|# #|.......##0 |.@.| |.......# #.......| ########.SSS| -------- |......| |.S.| -------- ----- Spontiff the Rhizotomist St:10 Dx:11 Co:16 In:7 Wi:15 Ch:16 Neutral S:150 Dlvl:1 $:0 HP:0(26) Pw:5(5) AC:8 Xp:1/0 T:1772 Latest messages: You are momentarily blinded by a flash of light! You hear a deafening roar! You feel an unseen monster! It misses! What do you want to drink? [c or ?*] ? You feel better. You can see again. You can hear again. The dog bites the lichen. The lichen is killed! Your dog grows up into a large dog. You see here a lichen corpse. There is a lichen corpse here; eat it? [ynq] (n) y This lichen corpse tastes okay. You stop eating the lichen corpse. There is a partly eaten lichen corpse here; eat it? [ynq] (n) y You consume the last bite of your meal. You finish eating the lichen corpse. What do you want to call this dungeon level? magic trap; teletrap The large dog misses the grid bug. The large dog misses the grid bug. The large dog bites the grid bug. The grid bug is killed! Where do you want to travel to? (For instructions type a '?') You swap places with your large dog. You see here an unlocked chest containing 2 items. You see here an unlocked chest containing 2 items. You descend the stairs. You climb up the stairs. You remember this level as magic trap; teletrap. You see here an unlocked chest containing 2 items. What do you want to dip? [fgknostx-zS or ?*] o Dip a magic whistle into the fountain? [yn] (n) y An endless stream of snakes pours forth! You see here an unlocked chest containing 2 items. The water moccasin bites! The water moccasin bites! The water moccasin bites! The water moccasin bites! The water moccasin's bite was poisoned! The poison doesn't seem to affect you. The water moccasin bites! The water moccasin bites! You see the water moccasin slither under a chest. A water moccasin was hidden under an unlocked chest containing 2 items! The water moccasin bites! You die... Do you want your possessions identified? [ynq] (y) y Do you want to see the dungeon overview? [ynq] (y) y Inventory: Armor g - an uncursed +1 pair of leather gloves (being worn) Comestibles y - an uncursed apple n - an uncursed food ration Wands S - an uncursed wand of sleep (0:4) Tools f - an uncursed sack containing 21 items t - an uncursed blindfold z - an uncursed leash o - a cursed magic whistle x - an uncursed oil lamp k - an uncursed skeleton key s - an uncursed stethoscope Contents of the sack: 1677 gold pieces 9 uncursed +1 darts an uncursed +0 dart 13 cursed -1 darts an uncursed lembas wafer a blessed scroll of confuse monster an uncursed scroll of enchant armor an uncursed scroll of enchant weapon an uncursed scroll of food detection an uncursed scroll of light an uncursed spellbook of blank paper an uncursed spellbook of haste self a blessed spellbook of healing an uncursed spellbook of healing an uncursed spellbook of healing 4 uncursed potions of extra healing an uncursed potion of gain level 2 uncursed potions of water an uncursed ring of see invisible an uncursed magic marker (0:82) an uncursed oil lamp Spontiff the Healer's attributes: Background: You were a Rhizotomist, a level 1 male gnomish Healer. You were neutral, on a mission for Hermes who was opposed by Athena (lawful) and Poseidon (chaotic). You were right-handed. You were in the Dungeons of Doom, on level 1. You entered the dungeon 1772 turns ago. You had 0 experience points, 20 were needed to attain level 2. Your score was 150 before end-of-game adjustments. Basics: You had 0 out of 26 hit points. You had all 5 energy points (spell power). Your armor class was 8. Your wallet was empty, but you had 1677 zorkmids stashed away in your pack. Autopickup was on for '$!/="?' plus thrown, with exceptions. Final Characteristics: Your strength was 10 (limit:18/50). Your dexterity was 11 (limit:18). Your constitution was 16 (limit:18). Your intelligence was 7 (limit:19). Your wisdom was 15 (limit:18). Your charisma was 16 (limit:18). Final Status: You weren't hungry. You were unencumbered. You were empty handed. You were unskilled in bare handed combat. Final Attributes: You were devoutly aligned. You were poison resistant. You had infravision. You are dead. Miscellaneous: You never encountered a bones level. Total elapsed playing time was 21 minutes and 58 seconds. Major events: Turn 1: spontiff the neutral male gnomish Healer entered the dungeon 696: entered the Gnomish Mines 1772: killed by a water moccasin Vanquished creatures: a small mimic a shrieker 2 acid blobs a yellow mold 3 geckos 3 jackals 2 foxes 2 kobolds 4 grid bugs 5 lichens 4 newts 28 creatures vanquished. No species were genocided or became extinct. Voluntary challenges: You never hit with a wielded weapon. You were a pacifist. You were illiterate. You never engraved Elbereth. You never genocided any monsters. You never polymorphed an object. You never changed form. You used no wishes. Achievements: You entered the Gnomish Mines. You entered a shop. The Dungeons of Doom: levels 1 to 4 Level 1: "magic trap; teletrap" <- You were here. A fountain, a grave. Final resting place for you, killed by a water moccasin. Level 2: Some fountains. Stairs down to The Gnomish Mines. Level 3: A shop, a sink. Level 4: The Gnomish Mines: Level 3: Game over: ---------- / \ / REST \ / IN \ / PEACE \ / \ | spontiff | | 1677 Au | | killed by a | | water moccasin | | | | | | 2024 | *| * * * | * _________)/\\_//(\/(/\)/\//\/|_)_______ Goodbye spontiff the Healer... You died in The Dungeons of Doom on dungeon level 1 with 150 points, and 1677 pieces of gold, after 1772 moves. You were level 1 with a maximum of 26 hit points when you died.